Map: Hardwire LE

Players

Creator

  • Race: Protoss Protoss

Scarlett - Winner!

  • Race: Zerg Zerg

Event: TSL 8

VOD

Have the link to the VOD?

Description

Time

  • Played on: Nov. 28, 2021, 11:50 a.m.
  • Length: 8:27

All games in this series

Show
View Real Time Build Order
Export as new Build Order

Creator Protoss 

Build Orders: 1 Gate Expand, Oracle Opening 

Get SALT Encoding   

  12  0:00  Probe  
  13  0:13  Pylon  
  13  0:18  Probe (Chrono Boost)  
  14  0:27  Probe (Chrono Boost)  
  15  0:32  Probe (Chrono Boost)  
  16  0:39  Gateway  
  16  0:44  Probe  
  16  0:48  Assimilator  
  17  0:56  Probe  
  18  1:08  Probe  
  19  1:20  Probe  
  20  1:26  Nexus  
  20  1:37  Cybernetics Core  
  20  1:38  Probe  
  21  1:45  Assimilator  
  21  1:50  Probe  
  22  1:54  Pylon  
  22  2:02  Probe  
  23  2:10  Adept (Chrono Boost)  
  23  2:14  Probe  
  26  2:18  Stargate  
  26  2:27  Warp Gate, Probe  
  27  2:30  Adept (Chrono Boost)  
  29  2:38  Probe (Chrono Boost)  
  31  2:44  Probe (Chrono Boost)  
  31  2:48  Probe (Chrono Boost)  
  33  2:52  Probe (Chrono Boost)  
  33  2:53  Adept  
  35  3:01  Oracle (Chrono Boost), Probe  
  39  3:07  Probe  
  39  3:12  Pylon  
  40  3:14  Probe  
  42  3:20  Probe  
  42  3:23  Adept  
  44  3:31  Void Ray (Chrono Boost)  
  44  3:33  Probe  
  43  3:35  Probe  
  43  3:37  Gateway  
  46  3:45  Probe  
  46  3:47  Probe  
  46  3:48  Pylon  
  48  3:57  Probe  
  48  4:00  Probe  
  47  4:05  Assimilator  
  47  4:06  Oracle (Chrono Boost)  
  47  4:07  Assimilator  
  51  4:10  Probe  
  51  4:12  Probe  
  52  4:22  Adept, Probe  
  52  4:24  Probe  
  56  4:33  Pylon  
  56  4:34  Probe  
  56  4:36  Probe  
  56  4:37  Oracle  
  61  4:38  Nexus  
  61  4:45  Robotics Facility  
  61  4:47  Probe  
  61  4:51  Probe  
  63  4:56  Gateway  
  63  5:10  Gateway  
  63  5:11  Gateway  
  63  5:14  Pylon  
  63  5:20  Sentry x2  
  67  5:23  Probe  
  68  5:29  Gateway  
  68  5:30  Immortal (Chrono Boost), Gateway  
  68  5:32  Gateway  
  68  5:33  Probe  
  73  5:39  Probe  
  74  5:45  Probe  
  74  5:46  Sentry  
  74  5:49  Pylon  
  77  5:54  Probe  
  77  5:55  Sentry x2  
  82  6:00  Warp Prism (Chrono Boost)  
  84  6:06  Probe  
  84  6:08  Stalker x2  
  89  6:18  Probe  
  90  6:19  Probe  
  90  6:21  Stalker x3, Observer  
  98  6:26  Pylon  
  98  6:27  Pylon  
  99  6:41  Stalker  
  100  6:48  Stalker, Zealot  
  100  6:49  Adept, Stalker, Zealot x2  
  100  6:50  Zealot  
  114  7:12  Stalker x2  
  107  7:17  Stalker x6  
  92  7:43  Stalker  
  92  7:44  Zealot x2  
  84  7:45  Stalker x5  
  84  7:50  Immortal (Chrono Boost), Probe x3  
  74  8:04  Robotics Bay  
  62  8:06  Probe x3  
  62  8:12  Stalker x2, Shield Battery  
Show
View Real Time Build Order
Export as new Build Order

Scarlett Zerg - Winner!

Build Orders: Hatch First 

Get SALT Encoding   

  12  0:00  Drone  
  13  0:12  Overlord  
  13  0:17  Drone  
  14  0:31  Drone x2  
  16  0:45  Drone  
  17  0:51  Hatchery  
  17  0:54  Drone  
  17  0:57  Drone  
  18  1:08  Extractor  
  17  1:13  Spawning Pool  
  17  1:15  Drone  
  17  1:19  Drone  
  18  1:28  Drone  
  19  1:39  Drone  
  20  1:49  Overlord  
  20  1:59  Queen  
  22  2:03  Zergling x2, Queen  
  22  2:04  Drone  
  26  2:12  Metabolic Boost  
  26  2:14  Drone x2  
  28  2:25  Drone x2  
  30  2:33  Drone  
  31  2:39  Queen  
  33  2:45  Hatchery  
  33  2:46  Zergling x2  
  33  2:50  Overlord  
  33  2:57  Zergling x6  
  36  3:09  Queen  
  36  3:11  Drone x4  
  42  3:16  Drone  
  42  3:17  Drone  
  41  3:34  Drone x3  
  41  3:39  Overlord  
  44  3:46  Overlord  
  44  3:54  Overlord  
  44  3:56  Drone, Queen  
  44  3:57  Drone x4  
  51  4:03  Drone x2, Queen  
  51  4:05  Spore Crawler  
  51  4:08  Drone x2  
  56  4:13  Drone  
  56  4:15  Drone x3  
  59  4:24  Drone x5  
  64  4:32  Roach Warren  
  64  4:33  Extractor  
  64  4:34  Drone x3, Extractor  
  64  4:40  Drone, Overlord  
  64  4:42  Drone x2  
  67  4:49  Lair  
  67  4:50  Drone x3  
  70  4:55  Drone x2  
  70  4:56  Evolution Chamber  
  70  4:59  Overlord  
  70  5:04  Drone x4  
  70  5:05  Overlord  
  74  5:13  Overlord  
  74  5:17  Roach  
  74  5:18  Roach x5  
  86  5:22  Overlord  
  86  5:26  Spore Crawler  
  86  5:27  Spore Crawler  
  84  5:30  Extractor  
  84  5:31  Extractor x2  
  81  5:37  Zerg Missile Weapons Level 1  
  81  5:38  Roach  
  81  5:40  Roach x2  
  81  5:41  Drone x7  
  94  5:49  Hatchery  
  93  5:50  Drone x2  
  93  5:51  Overseer  
  95  6:00  Roach x2  
  95  6:01  Roach x3  
  105  6:11  Zergling x8, Overlord  
  105  6:12  Zergling x6  
  112  6:22  Glial Reconstitution  
  112  6:25  Drone x2  
  114  6:26  Overlord x2  
  114  6:27  Overlord  
  114  6:38  Drone x3  
  117  6:45  Overlord x2  
  117  6:46  Roach x5  
  127  6:52  Ravager x7  
  134  6:57  Roach x2  
  138  7:02  Roach x3  
  144  7:12  Roach x7  
  144  7:16  Roach x2  
  144  7:25  Roach x5  
  152  7:33  Roach x3  
  128  7:46  Roach x2  
  128  7:47  Roach x6  
  128  7:51  Roach x3  
  145  7:58  Roach x4  
  143  8:08  Roach  
Tags
 
Add a new tag
Caveats
  • Supply blocks, unpowered buildings, or Contaminate may cause inaccurate times.
  • Supply counts are checked every 10 seconds.